Map: Lightshade LE

Players

TuxedoAnimal - Winner!

  • Race: Zerg Zerg
  • League: Gold
  • Spawn Location: 5:00

WamBamTYCam

  • Race: Zerg Zerg
  • League: Gold
  • Spawn Location: 11:00

VOD

Have the link to the VOD?

Description

Time

  • Played on: Jan. 4, 2021, 9:12 p.m.
  • Length: 13:10
Show
View Real Time Build Order
Export as new Build Order

TuxedoAnimal Zerg - Winner!

Build Orders: Hatch First 

Get SALT Encoding   

  12  0:00  Drone  
  13  0:12  Overlord  
  13  0:16  Drone  
  14  0:31  Drone x2  
  17  0:35  Drone  
  17  0:53  Hatchery  
  16  1:08  Spawning Pool  
  16  1:10  Drone  
  16  1:14  Drone  
  16  1:16  Drone  
  18  1:22  Drone  
  19  1:31  Drone  
  20  1:34  Extractor  
  19  1:54  Queen  
  22  2:01  Drone  
  22  2:05  Queen  
  22  2:06  Overlord x2  
  24  2:20  Drone x3  
  27  2:33  Drone x2  
  29  2:41  Queen  
  31  2:53  Drone x3  
  31  2:54  Drone  
  35  3:00  Lair  
  35  3:11  Spine Crawler  
  34  3:16  Spine Crawler  
  33  3:23  Drone x9  
  42  3:41  Hatchery  
  42  3:42  Extractor  
  42  3:44  Extractor  
  39  3:54  Roach Warren  
  38  3:55  Evolution Chamber  
  37  4:07  Drone x3  
  37  4:08  Drone x3  
  37  4:09  Drone  
  44  4:10  Overlord x3  
  44  4:26  Zerg Missile Weapons Level 1  
  44  4:29  Pneumatized Carapace  
  44  4:47  Glial Reconstitution  
  44  4:53  Drone x3  
  44  4:54  Drone x6  
  44  4:56  Overlord x3  
  53  5:06  Drone x3  
  56  5:21  Extractor  
  56  5:22  Drone x2  
  56  5:23  Drone x2  
  56  5:24  Drone  
  56  5:27  Drone  
  56  5:28  Drone  
  62  5:30  Drone x3  
  62  5:31  Drone  
  66  5:46  Hatchery  
  66  5:49  Queen  
  67  5:58  Roach x8  
  67  5:59  Roach x3  
  67  6:00  Overlord  
  84  6:15  Roach x4  
  84  6:17  Drone  
  75  6:31  Drone  
  75  6:32  Drone x8  
  84  6:47  Drone  
  84  6:48  Drone x3  
  88  6:56  Hatchery  
  88  6:57  Drone x4  
  91  7:02  Drone x2  
  91  7:03  Drone x2  
  91  7:04  Roach  
  91  7:06  Overlord x2  
  91  7:07  Overlord  
  97  7:16  Zerg Ground Armor Level 1  
  97  7:37  Extractor  
  97  7:39  Extractor  
  95  7:56  Drone x5  
  95  7:57  Drone x7  
  107  8:04  Hydralisk Den  
  106  8:07  Infestation Pit  
  105  8:15  Evolution Chamber  
  104  8:25  Drone x3  
  107  8:32  Hatchery  
  106  8:36  Extractor x2  
  104  8:49  Hydralisk x12  
  128  9:18  Overlord  
  128  9:19  Overlord x6  
  128  9:39  Hydralisk  
  128  9:40  Hydralisk x17  
  128  9:43  Overlord  
  164  9:52  Overseer  
  164  9:53  Overseer  
  164  10:12  Hydralisk x10  
  164  10:13  Hydralisk  
  186  10:17  Queen  
  186  10:19  Overlord x3  
  188  10:21  Hydralisk x2  
  188  10:22  Hydralisk x2  
  196  10:38  Hydralisk x2  
  182  11:00  Hydralisk x2  
  182  11:01  Hydralisk x15  
  196  11:28  Hydralisk x3, Hatchery x2  
  196  11:29  Hatchery  
  193  12:03  Overseer x2  
  189  12:38  Hydralisk x5  
Show
View Real Time Build Order
Export as new Build Order

WamBamTYCam Zerg 

Build Orders: Hatch First, Lurkers 

Get SALT Encoding   

  12  0:04  Drone  
  13  0:12  Overlord  
  13  0:18  Drone  
  14  0:31  Drone x2  
  16  0:42  Drone  
  17  0:53  Hatchery  
  16  0:58  Drone  
  16  0:59  Drone  
  18  1:10  Drone  
  19  1:12  Extractor  
  18  1:19  Spawning Pool  
  18  1:23  Drone  
  18  1:33  Drone  
  19  1:45  Drone  
  20  1:52  Overlord  
  20  2:06  Drone, Queen  
  20  2:07  Queen  
  25  2:09  Zergling x2  
  25  2:14  Drone  
  27  2:16  Drone  
  27  2:17  Metabolic Boost  
  28  2:24  Overlord  
  28  2:39  Overlord  
  28  2:41  Drone x2  
  30  2:46  Baneling Nest  
  29  2:52  Queen  
  29  2:54  Zergling x2  
  32  3:09  Drone x4  
  36  3:16  Zergling x4  
  37  3:23  Drone x3  
  37  3:24  Drone  
  41  3:27  Overlord  
  41  3:28  Overlord  
  41  3:43  Hatchery  
  40  3:49  Drone x3  
  40  3:50  Drone  
  44  3:56  Lair  
  44  4:05  Drone x2  
  44  4:09  Extractor x2  
  44  4:10  Drone x3  
  44  4:14  Queen  
  44  4:15  Extractor  
  48  4:32  Drone x2  
  48  4:33  Overlord x2, Drone  
  48  4:38  Drone x2  
  53  4:45  Zergling x4  
  55  4:56  Drone x2  
  55  4:59  Queen  
  59  5:00  Overlord  
  59  5:08  Drone  
  59  5:12  Drone  
  59  5:13  Drone  
  62  5:14  Zergling x2  
  62  5:15  Zergling x4  
  65  5:33  Pneumatized Carapace  
  65  5:34  Queen  
  67  5:36  Centrifical Hooks  
  67  5:37  Zergling x2  
  67  5:38  Zergling x14  
  75  5:52  Drone x4  
  75  5:53  Drone x2  
  81  6:16  Hatchery  
  81  6:17  Hatchery  
  73  6:34  Zergling x2  
  73  6:35  Zergling x30  
  73  6:38  Overlord x2  
  89  6:56  Baneling x4  
  89  7:04  Drone  
  89  7:05  Drone x9  
  99  7:13  Hydralisk Den  
  96  7:41  Baneling  
  96  7:42  Baneling x4  
  96  7:48  Extractor  
  96  7:49  Extractor  
  94  7:52  Muscular Augments  
  94  7:57  Hatchery  
  94  7:58  Infestation Pit  
  92  8:03  Drone x4  
  92  8:04  Hydralisk x2  
  92  8:05  Hydralisk x9  
  100  8:09  Overlord x6  
  100  8:10  Overlord  
  118  8:34  Hive  
  118  8:37  Hydralisk x11  
  118  8:38  Hydralisk x4  
  148  8:42  Zergling x14  
  148  8:43  Zergling x2  
  156  9:21  Hydralisk x5  
  156  9:22  Hydralisk x7  
  179  9:27  Lurker Den  
  166  9:51  Evolution Chamber x2, Adrenal Glands  
  164  9:52  Evolution Chamber  
  163  10:01  Drone x15  
  163  10:02  Drone  
  163  10:04  Overlord x4  
  179  10:25  Grooved Spines  
  179  10:28  Drone x3  
  180  10:33  Extractor  
  181  10:35  Extractor  
  180  10:43  Spire  
  135  11:02  Hydralisk  
  135  11:03  Hydralisk x18  
  135  11:04  Hydralisk x3  
  132  11:09  Lurker x2  
  132  11:10  Lurker x2  
  129  11:28  Lurker  
  129  11:29  Lurker x4  
  129  11:31  Zergling x2  
  129  11:32  Zergling x10  
  116  11:33  Zergling x6  
  98  11:58  Lair  
  74  12:17  Zergling x40  
  93  12:24  Zergling x2  
  93  12:25  Zergling x14  
Tags
 
Composition
Lurkers
League
GoldGold
Matchup
ZvZ
Race
Zerg
Spawn Locations
Cross Positions
Add a new tag
Caveats
  • Supply blocks, unpowered buildings, or Contaminate may cause inaccurate times.
  • Supply counts are checked every 10 seconds.